Map: Blackpink LE

Players

Trig

  • Race: Zerg Zerg
  • Spawn Location: 1:00

Kozzy - Winner!

  • Race: Protoss Protoss
  • League: Gold
  • Spawn Location: 7:00

VOD

Have the link to the VOD?

Description

Time

  • Played on: April 9, 2018, 3:15 a.m.
  • Length: 12:48
Show
View Real Time Build Order
Export as new Build Order

Trig Zerg 

Build Orders: Pool First 

Get SALT Encoding   

  12  0:03  Drone  
  13  0:14  Drone  
  13  0:19  Overlord  
  14  0:39  Drone, Spawning Pool  
  14  0:43  Drone  
  14  0:47  Drone  
  16  0:50  Drone  
  17  1:26  Zergling x4  
  17  1:27  Zergling x2  
  15  2:02  Zergling x6  
  14  2:28  Drone x2  
  14  2:29  Queen  
  18  2:47  Zergling x4  
  21  2:58  Drone  
  21  3:07  Overlord  
  21  3:09  Hatchery  
  19  3:39  Drone  
  20  3:41  Drone  
  20  3:46  Drone  
  22  3:51  Hatchery  
  21  4:03  Drone  
  21  4:04  Drone x2  
  21  4:09  Extractor  
  23  4:29  Drone  
  23  4:30  Drone  
  25  4:35  Queen  
  27  4:56  Overlord x2  
  27  5:05  Drone  
  28  5:13  Spine Crawler  
  27  5:22  Drone  
  28  5:30  Drone, Spine Crawler  
  28  5:34  Drone x3  
  31  5:58  Roach Warren  
  28  6:05  Overlord  
  28  6:16  Drone x4  
  28  6:18  Drone x3  
  35  6:19  Queen  
  37  6:27  Zergling x2  
  39  6:32  Zergling x2  
  39  6:33  Zergling x10  
  44  6:46  Lair  
  44  6:50  Drone  
  45  6:54  Drone  
  45  6:55  Drone  
  47  7:02  Zergling x4  
  47  7:03  Zergling x4  
  51  7:19  Evolution Chamber  
  32  7:51  Roach  
  32  7:52  Roach x6  
  34  8:17  Drone x2  
  34  8:18  Drone x4  
  40  8:20  Drone x2  
  40  8:21  Drone x2  
  42  8:30  Spawning Pool  
  41  8:47  Drone x2  
  43  9:10  Drone x3  
  46  9:26  Spine Crawler, Queen  
  46  9:27  Spine Crawler  
  46  9:28  Queen  
  48  9:34  Zergling x6  
  51  9:41  Zergling x2  
  51  9:43  Overlord  
  51  9:45  Overlord  
  51  10:13  Hatchery  
  41  10:31  Zergling x4  
  41  10:32  Zergling x2  
  42  10:47  Zergling x6  
  43  11:01  Hatchery  
  41  11:09  Zergling x4  
  39  11:30  Queen  
  38  11:33  Zergling x4  
  27  11:52  Zergling x2  
  27  11:53  Zergling x2  
  20  12:17  Spawning Pool  
Show
View Real Time Build Order
Export as new Build Order

Kozzy Protoss - Winner!

Build Orders: Cannon Rush 

Get SALT Encoding   

  12  0:01  Probe  
  13  0:13  Probe  
  14  0:19  Pylon  
  14  0:26  Probe  
  15  0:38  Probe (Chrono Boost)  
  16  0:44  Forge  
  17  0:50  Probe (Chrono Boost)  
  17  1:04  Pylon  
  17  1:08  Pylon  
  17  1:17  Probe  
  18  1:22  Photon Cannon  
  18  1:26  Photon Cannon  
  18  1:38  Photon Cannon  
  18  1:46  Pylon  
  18  2:00  Photon Cannon  
  18  2:03  Photon Cannon  
  18  2:13  Gateway  
  18  2:16  Pylon  
  18  2:19  Assimilator  
  18  2:24  Probe (Chrono Boost)  
  19  2:35  Probe (Chrono Boost), Photon Cannon  
  20  2:39  Probe (Chrono Boost)  
  21  2:46  Photon Cannon  
  21  2:52  Pylon  
  21  2:59  Zealot (Chrono Boost)  
  23  3:07  Pylon, Probe  
  23  3:10  Assimilator  
  24  3:25  Cybernetics Core  
  24  3:42  Gateway  
  26  3:55  Pylon  
  26  4:02  Warp Gate  
  26  4:05  Stalker (Chrono Boost)  
  26  4:16  Probe  
  27  4:17  Pylon  
  27  4:25  Robotics Facility  
  27  4:28  Probe  
  27  4:31  Twilight Council  
  28  4:38  Stalker (Chrono Boost)  
  32  5:00  Gateway  
  32  5:05  Pylon  
  32  5:08  Charge  
  30  5:15  Protoss Ground Weapons Level 1 (Chrono Boost)  
  30  5:24  Zealot x2  
  34  5:31  Gateway  
  34  6:04  Shield Battery  
  34  6:18  Zealot x3  
  36  6:25  Zealot  
  42  6:43  Photon Cannon  
  42  6:44  Zealot x3  
  42  6:45  Zealot  
  50  7:05  Stalker x4  
  58  7:41  Stalker x4  
  44  8:09  Stalker x3  
  44  8:10  Stalker  
  48  8:33  Blink  
  48  8:36  Stalker  
  50  8:42  Protoss Ground Weapons Level 2 (Chrono Boost)  
  50  8:50  Zealot  
  52  9:37  Nexus  
  52  9:56  Pylon  
  38  10:40  Probe  
  39  10:48  Stalker x3  
  45  10:52  Probe  
  46  11:05  Probe  
  47  11:17  Probe  
  48  11:20  Stalker x3  
  48  11:21  Stalker  
  56  12:12  Zealot x3  
  56  12:13  Zealot  
  64  12:30  Probe x2  
  64  12:31  Gateway  
Tags
 
Add a new tag
Caveats
  • Supply blocks, unpowered buildings, or Contaminate may cause inaccurate times.
  • Supply counts are checked every 10 seconds.